 Seeded DCSS version 0.29-a0-23-ga79f92ac9c (webtiles) character file.

Game seed: 10000000000011 (custom seed)

287 knot the Chopper (level 6, 0/47 HPs)
             Began as a Demonspawn Berserker on Jan 31, 2022.
             Was a Believer of Trog.
             Slain by a giant cockroach (2 damage)
             ... on level 3 of the Dungeon.
             The game lasted 00:02:20 (2967 turns).

knot the Chopper (Demonspawn Berserker)             Turns: 2967, Time: 00:02:21

Health: 0/47       AC:  2    Str: 17    XL:     6   Next: 8%
Magic:  6/6        EV: 12    Int: 10    God:    Trog [**....]
Gold:   105        SH:  0    Dex: 13    Spells: 5/5 levels left

rFire   . . .      SeeInvis .   a - +0 hand axe
rCold   . . .      Faith    .   (no shield)
rNeg    . . .      Spirit   .   b - +0 animal skin
rPois   .          Reflect  .   (no helmet)
rElec   .          Harm     .   (no cloak)
rCorr   .          Rampage  .   (no gloves)
Will    .....                   (no boots)
Stlth   +.........              (no amulet)
HPRegen 0.15/turn               (no ring)
MPRegen 0.20/turn               (no ring)

@: on berserk cooldown, slowed, very slow
A: magic regeneration, demonic touch 2
a: Renounce Religion, Berserk, Trog's Hand


You were on level 3 of the Dungeon.
You worshipped Trog.
Trog was pleased with you.
You visited 1 branch of the dungeon, and saw 4 of its levels.

You collected 105 gold pieces.

Inventory:

Hand Weapons
 a - a +0 hand axe (weapon)
Missiles
 f - 69 stones (quivered)
 p - 4 boomerangs
Armour
 b - a +0 animal skin (worn)
Jewellery
 d - an amulet of reflection
Wands
 o - a wand of polymorph (7)
Scrolls
 c - a scroll of amnesia {unknown}
 k - 2 scrolls of identify {unknown}
 m - 2 scrolls of blinking {unknown}
 n - a scroll of fog {unknown}
Potions
 e - a potion of curing {unknown}
 g - a potion of lignification {unknown}
 h - a potion of might {unknown}
 j - a potion of magic {unknown}
 l - a potion of heal wounds {unknown}


   Skills:
 - Level 3.0 Fighting
 + Level 6.3 Axes
 - Level 1.7 Armour
 - Level 1.7 Dodging


You had 5 spell levels left.
You didn't know any spells.
Your spell library contained the following spells:

 Spells                   Type           Power      Damage    Failure   Level
 Corpse Rot               Necr/Air       0%         N/A       50%         2
 Ensorcelled Hibernation  Hex/Ice        0%         N/A       50%         2
 Passwall                 Tmut/Erth      0%         N/A       50%         2
 Poisonous Vapours        Pois/Air       0%         N/A       50%         2
 Swiftness                Air            0%         N/A       75%         3


Dungeon Overview and Level Annotations

Branches:
Dungeon (4/15)
 Temple: D:4-7

Altars:

Shops:
D:3 [

Annotations:
D:3 Dowan, Ijyb


Innate Abilities, Weirdness & Mutations

You regenerate magic rapidly.
Your touch may inflict irresistible damage on your foes.


Message History

Ijyb zaps a wand.
You resist with some effort.
A giant cockroach comes into view.
Ijyb zaps a wand.
Your will is overpowered!
You are confused.
The centaur skeleton hits you. The centaur skeleton kicks you.
Ijyb closely misses you.
The centaur skeleton hits you but does no damage.
The centaur skeleton barely misses you.
The centaur skeleton closely misses you.
The centaur skeleton kicks you.
Ijyb zaps a wand.
You resist with some effort.
The now-empty wand crumbles to dust.
You bump into the metal wall.
The centaur skeleton hits you. The centaur skeleton kicks you.
Ijyb closely misses you. The centaur skeleton hits you.
The centaur skeleton barely misses you.
You feel less confused. Ijyb hits you with a +0 club.
Dowan gestures wildly while chanting.
Dowan blinks!
The centaur skeleton hits you but does no damage.
The centaur skeleton closely misses you.
The giant cockroach closely misses you. Ijyb hits you with a +0 club.
The centaur skeleton hits you.
* * * LOW HITPOINT WARNING * * *
The centaur skeleton closely misses you.
The giant cockroach misses you. Ijyb misses you.
The giant cockroach closely misses you.
There is a stone staircase leading up here.
Dowan barely misses you. Ijyb misses you.
The giant cockroach bites you but does no damage.
Dowan barely misses you.
Ijyb screams, "It's all mine!"
Ijyb hits you with a +0 club.
* * * LOW HITPOINT WARNING * * *
The giant cockroach misses you.
You climb upwards.
There is a stone staircase leading down here.
Dowan zaps a wand.
The puff of flame hits you.
* * * LOW HITPOINT WARNING * * *
The giant cockroach bites you.
You die...

##.....................
#...............#.....#
##....###.........###.#
#....# #...#.....# #.#
#....# #......)..###.#
####.# #...........>..
#.# #...#.....###.#
#B###...#..........
###>@.....+.........†
#.ge.################
#....###≈≈≈≈≈≈≈≈≈≈≈≈≈
#......#≈...........≈
#......#≈...........≈
####...#≈..#######..≈
#...#≈..# #..≈
####...#≈..# #..≈
#....<.'...# #...


You could see Ijyb, Dowan (fast) and a giant cockroach.

Vanquished Creatures
  An ogre (D:3)
  A scorpion (D:4)
  An orc priest (D:4)
  5 adders
  2 orcs (D:4)
  6 endoplasms
  A giant cockroach (D:1)
  4 goblins
  5 hobgoblins
  14 jackals
  2 ball pythons
  7 bats
  5 frilled lizards
  3 kobolds
  5 rats
62 creatures vanquished.

Notes
Turn   | Place    | Note
-------+----------+-------------------------------------------
     0 | D:1      | knot the Demonspawn Berserker began the quest for the Orb.
     0 | D:1      | Reached XP level 1. HP: 18/18 MP: 1/1
   151 | D:1      | Reached skill level 3 in Axes
   228 | D:1      | Gained mutation: You regenerate magic rapidly. [demonic
                  | ancestry]
   228 | D:1      | Reached XP level 2. HP: 21/24 MP: 2/2
  1199 | D:2      | Gained mutation: Your touch may inflict minor irresistible
                  | damage on your foes. [demonic ancestry]
  1199 | D:2      | Reached XP level 3. HP: 29/29 MP: 3/3
  1316 | D:2      | Reached ** piety under Trog
  1328 | D:2      | Reached skill level 4 in Axes
  1922 | D:2      | Reached XP level 4. HP: 35/35 MP: 4/4
  2137 | D:3      | Noticed an ogre
  2146 | D:3      | Killed an ogre
  2147 | D:3      | Reached skill level 5 in Axes
  2147 | D:3      | Reached XP level 5. HP: 31/41 MP: 5/5
  2306 | D:3      | Found Daocsar's Antique Armour Emporium.
  2908 | D:4      | Noticed Duvessa
  2912 | D:4      | Noticed Dowan
  2912 | D:4      | Noticed Ijyb
  2913 | D:4      | Noticed Duvessa
  2913 | D:4      | Duvessa changed into Duvessa the scorpion
  2946 | D:4      | Killed Duvessa the scorpion
  2947 | D:4      | Reached skill level 6 in Axes
  2947 | D:4      | Gained mutation: Your touch may inflict irresistible damage
                  | on your foes. [demonic ancestry]
  2947 | D:4      | Reached XP level 6. HP: 47/47 MP: 6/6
  2967 | D:3      | HP: 2/47 [Dowan/puff of flame (6)]
  2967 | D:3      | Slain by a giant cockroach

Illustrated notes

Levels and vault maps discovered:
D:1:      lordsloth_arrival_two_stooges, layout_basic, grunt_decor_fettered,
          minmay_misc_feat_diagonals, nicolae_concentric_dashed_squares_wild
D:2:      layout_rooms, hangedman_decor_clover_reticule
D:3:      layout_basic, serial_shops, shop, kennysheep_path_1
D:4:      layout_rooms, temple_doors_e, uniq_duvessa, uniq_ijyb

Skill      XL: |  1  2  3  4  5 |
---------------+----------------+-----
Axes           | 3 4 5 6 |  6.3
Fighting       | |  3.0
Armour         | |  1.7
Dodging        | |  1.7

Action                   |  1- 3 |  4- 6 || total
-------------------------+-------+-------++-------
Melee: Hand axe          |   108 |    51 ||   159
       Touch             |     2 |     9 ||    11
       Punch             |       |     1 ||     1
Throw: Dart              |       |     2 ||     2
Invok: Berserk           |     2 |     3 ||     5
Evoke: Wand              |       |     1 ||     1
Armor: Animal skin       |    28 |     6 ||    34
Dodge: Dodged            |   102 |    46 ||   148

Table legend: (Time is in decaauts)
 A = Elapsed time spent in this place.
 B = Non-inter-level travel time spent in this place.
 C = Inter-level travel time spent in this place.
 D = Time resting spent in this place.
 E = Time spent auto-exploring this place.
 F = Levels seen in this place.
 G = Mean time per level.
                   A        B        C        D        E       F      G
               +--------+--------+--------+--------+--------+-----+--------+
         Total |   3023 |   2964 |     59 |    842 |   1724 |   4 |  755.8 |
       Dungeon |   3023 |   2964 |     59 |    842 |   1724 |   4 |  755.8 |
               +--------+--------+--------+--------+--------+-----+--------+

Top non-repeatable levels by time:
     D:1: 1204 daAuts
     D:2: 862 daAuts
     D:3: 635 daAuts
     D:4: 321 daAuts
